 Dungeon Crawl Stone Soup version 0.21.1 (webtiles) character file.

2752 Goblin1989 the Chopper (level 9, 0/72 HPs)
             Began as a Demonspawn Monk on Feb 2, 2018.
             Was a Believer of Uskayaw.
             Slain by a yak (5 damage)
             ... on level 9 of the Dungeon.
             The game lasted 00:22:11 (8564 turns).

Goblin1989 the Chopper (Demonspawn Monk)            Turns: 8564, Time: 00:22:12

Health: 0/72       AC:  7    Str: 15    XL:     9   Next: 41%
Magic:  13/13      EV: 13    Int: 10    God:    Uskayaw [**....]
Gold:   324        SH:  7    Dex: 15    Spells: 8/8 levels left

rFire    + . .     SeeInvis .   a - +2 war axe (flame)
rCold    . . .     Gourm    .   N - +2 buckler
rNeg     . . .     Faith    .   k - +0 ring mail
rPois    .         Spirit   .   (no helmet)
rElec    .         Reflect  .   (no cloak)
rCorr    .         Harm     .   (no gloves)
MR       .....                  (no boots)
Stlth    +.........             (no amulet)
HPRegen  0.22/turn              f - ring of protection from fire
MPRegen  0.13/turn              C - -2 ring of intelligence (curse)

@: no status effects
A: talons 1, rugged brown scales 2, powered by pain 2
a: Stomp, Line Pass, Renounce Religion


You were on level 9 of the Dungeon.
You worshipped Uskayaw.
Uskayaw was noncommittal.
You were not hungry.

You visited 1 branch of the dungeon, and saw 9 of its levels.

You collected 500 gold pieces.
You spent 176 gold pieces at shops.

Inventory:

Hand Weapons
 a - a +2 war axe of flaming (weapon)
Missiles
 Y - 2 tomahawks of dispersal (quivered)
 Z - a throwing net {!d}
Armour
 k - a +0 ring mail (worn)
 N - a +2 buckler (worn)
 W - a +0 chain mail
Jewellery
 f - a ring of protection from fire (left hand)
 C - a cursed -2 ring of intelligence (right hand)
 F - a +3 ring of strength
Wands
 I - a wand of iceblast (10)
 P - a wand of paralysis (8)
Scrolls
 h - 3 scrolls of remove curse {@r2}
 j - 3 scrolls of immolation
 m - 5 scrolls of amnesia
 z - a scroll of random uselessness {unknown}
 B - 3 scrolls of blinking
 E - a scroll of vulnerability {unknown}
 H - 2 scrolls of fog
 J - a scroll of fear {unknown}
 L - a scroll of summoning {unknown}
 Q - a scroll of enchant weapon {unknown}
 T - 4 scrolls of teleportation {!r, @r3}
Potions
 o - a potion of haste
 A - a potion of flight
 M - a potion of berserk rage
 O - a potion of cancellation
 S - a potion of mutation {!q}
 U - 3 potions of lignification
 V - 3 potions of agility
 X - 4 potions of curing {@q1}
Comestibles
 e - 12 rations
 R - 4 chunks of flesh


   Skills:
 + Level 5.8 Fighting
 * Level 7.8 Axes
 + Level 4.2 Armour
 + Level 4.9 Dodging
 - Level 1.7 Stealth
 + Level 3.3 Shields
 + Level 5.7 Invocations


You had 8 spell levels left.
You didn't know any spells.

Dungeon Overview and Level Annotations

Branches:
Dungeon (9/15)             Temple (0/1) D:7
   Lair: D:8-11         Orc: D:9-12

Altars:
Cheibriados
Fedhas
Kikubaaqudgha
Okawaru
Qazlal
Trog
Uskayaw
Yredelemnul
Zin

Shops:
D:4 }(?   D:6 ?%[}*

Annotations:
D:2 Sigmund


Innate Abilities, Weirdness & Mutations

You have sharp toenails.
You are mostly covered in rugged brown scales. (AC +2, +5% HP)
You sometimes gain power by taking damage.


Message History

The two-headed ogre hits you with a giant spiked club!!
* * * LOW HITPOINT WARNING * * *
You block the two-headed ogre's attack.
You take 20 damage, and have 31/72 hp.
MASSIVE DAMAGE!!
Unknown command.
You barely miss the two-headed ogre.
The two-headed ogre hits you with a giant spiked club!!
* * * LOW HITPOINT WARNING * * *
You focus on the pain.
You feel agile all of a sudden.
The two-headed ogre hits you with a giant club!
* * * LOW HITPOINT WARNING * * *
You take 27 damage, and have 4/72 hp.
MASSIVE DAMAGE!!
Really quaff
K - a potion of heal wounds {@q2, !q}?
You feel much better.
You regained 30 hp, and now have 34/72 hp.
Unknown command.
You slash the two-headed ogre! You burn the two-headed ogre.
You claw the two-headed ogre!
The two-headed ogre is moderately wounded.
The two-headed ogre barely misses you.
The two-headed ogre hits you with a giant club!
* * * LOW HITPOINT WARNING * * *
You take 8 damage, and have 26/72 hp.
The two-headed ogre misses you. You block the two-headed ogre's attack.
Blink to where?
Press: ? - help, Dir - move target cursor You are very lightly contaminated with residual magic.
As you read the scroll of blinking, it crumbles to dust.
You climb downwards.
You hear the roar of battle.
There is an entrance to a bailey on this level.
Hurry and find it before the portal closes forever! 3 yaks and a hungry ghost come into view.
The yak bellows! x2; You hear a bellow!
The yak bellows!
There is a stone staircase leading up here.
A yak comes into view.
You are feeling hungry.
A leopard gecko comes into view.
An eye of draining comes into view.
The leopard gecko hisses angrily.
You slice the hungry ghost!! You burn the hungry ghost.
The hungry ghost is severely damaged.
The hungry ghost hits you.
You are feeling very hungry.
You slash the hungry ghost! You burn the hungry ghost.
You destroy the hungry ghost!
You can now pass through a line of other dancers.
You hit the yak. You burn the yak. You claw the yak.
The yak is moderately wounded.
You block the yak's attack.
You slash the yak! You burn the yak. You claw the yak!
The yak is almost dead.
The yak gores you!
* * * LOW HITPOINT WARNING * * *
Uskayaw will force your foes to helplessly watch your dance.
Uskayaw prepares the audience for your solo!
You take 12 damage, and have 20/72 hp.
The helpless yak fails to defend itself.
You slice the yak!! You burn the yak.
You kill the yak!
Unknown command.
The leopard gecko is no longer paralysed.
The leopard gecko closely misses you. The leopard gecko barely misses you.
You see here a yak corpse.
You slice the leopard gecko!! You burn the leopard gecko.
You kill the leopard gecko!
You see here a leopard gecko corpse.
You feel a little less mighty now.
You see here a yak corpse.
You butcher the yak corpse.
R - 6 chunks of flesh (gained 4) Eating one of 6 chunks of flesh.
You eat one of the 6 chunks of flesh.
This raw flesh tastes terrible.
You see here 24 gold pieces.
You can no longer pass through a line of other dancers.
A yak comes into view.
You feel a little less agile now.
The yak bellows! x2
Some of the chunks of flesh in your inventory have rotted away.
Your magical contamination has completely faded away.
You see here 24 gold pieces.
Unknown command.
You slash the yak! You burn the yak. You claw the yak, but do no damage.
The yak is moderately wounded.
The yak barely misses you.
You hit the yak. You burn the yak.
The yak is heavily wounded.
The yak gores you!
* * * LOW HITPOINT WARNING * * *
You take 10 damage, and have 15/72 hp.
You hit the yak. You burn the yak. You claw the yak.
The yak is severely wounded.
You block the yak's attack.
You can now pass through a line of other dancers.
You hit the yak. You burn the yak.
The yak is almost dead.
The yak gores you!
* * * LOW HITPOINT WARNING * * *
The yak gores you.
You die...

███ ..█ ███..
....█ ██ █...
█..█.█.███████
█.......†...█
█.█.█..████@█
█.......█


█Y█ █...██Y██ █Y█ █.. █..█ █Y█ .█ ██ ██.███Y█ .█ █....(██.█ █.█.█....█
██.......%█ █..█.█....█ You could see 4 yaks.

Vanquished Creatures
  Eustachio (D:5)
  A hungry ghost (D:9)
  A yak (D:9)
  A black bear (D:6)
  An ice beast (D:6)
  4 ogres
  A phantom (D:4)
  3 centaurs
  5 bullfrogs (D:6)
  2 scorpions
  3 howler monkeys
  3 crimson imps
  5 hounds
  4 jellies
  2 orc priests
  An orc wizard (D:6)
  A bullfrog skeleton (D:5)
  An iguana (D:5)
  5 worker ants
  A killer bee zombie (D:6)
  A hound skeleton (D:6)
  10 adders
  12 gnolls
  An ooze (D:3)
  An adder skeleton (D:7)
  A worm (D:3)
  2 dart slugs
  2 leopard geckos
  18 orcs
  A bat (D:3)
  A giant cockroach (D:6)
  8 hobgoblins
  8 jackals
  3 quokkas
  2 ball pythons
  4 frilled lizards
  5 goblins
  7 kobolds
  A leopard gecko skeleton (D:5)
  4 rats
138 creatures vanquished.

Notes
Turn   | Place    | Note
-------+----------+-------------------------------------------
     0 | D:1      | Goblin1989 the Demonspawn Monk began the quest for the Orb.
     0 | D:1      | Reached XP level 1. HP: 18/18 MP: 1/1
   115 | D:1      | Reached skill level 3 in Axes
   248 | D:1      | Gained mutation: You have sharp toenails. [demonic ancestry]
   248 | D:1      | Reached XP level 2. HP: 17/24 MP: 2/2
   824 | D:2      | Reached XP level 3. HP: 27/29 MP: 3/3
  1017 | D:2      | Reached skill level 4 in Axes
  1020 | D:2      | Noticed Sigmund
  1133 | D:2      | Found a hide-covered altar of Uskayaw.
  1142 | D:2      | Became a worshipper of Uskayaw the Reveler
  1142 | D:2      | Reached * piety under Uskayaw
  1543 | D:3      | Reached ** piety under Uskayaw
  1545 | D:3      | Reached *** piety under Uskayaw
  1621 | D:3      | Gained mutation: You sometimes gain a little power by taking damage. [demonic ancestry]
  1621 | D:3      | Reached XP level 4. HP: 35/35 MP: 4/4
  1632 | D:3      | Reached **** piety under Uskayaw
  1671 | D:3      | Reached skill level 1 in Armour
  1827 | D:3      | Gained mutation: You are partially covered in rugged brown scales. (AC +1, +3% HP) [demonic ancestry]
  1827 | D:3      | Reached XP level 5. HP: 10/42 MP: 5/5
  2267 | D:3      | Reached skill level 5 in Axes
  2456 | D:3      | Found a stormy altar of Qazlal.
  2592 | D:3      | Reached skill level 1 in Invocations
  2875 | D:3      | Found a bloodstained altar of Trog.
  3143 | D:4      | Found Hefatz's Antique Weapon Shoppe.
  3166 | D:4      | Found a glowing silver altar of Zin.
  3221 | D:4      | Found Nanafo's Gadget Shoppe.
  3239 | D:4      | Gained mutation: You are mostly covered in rugged brown scales. (AC +2, +5% HP) [demonic ancestry]
  3239 | D:4      | Reached XP level 6. HP: 39/50 MP: 5/7
  3630 | D:4      | Reached XP level 7. HP: 9/56 MP: 8/8
  4147 | D:4      | Found Ami Vif's Magic Scroll Shop.
  4152 | D:4      | Bought a scroll of identify for 20 gold pieces
  4152 | D:4      | Bought a scroll of teleportation for 30 gold pieces
  4152 | D:4      | Bought a scroll of identify for 20 gold pieces
  4152 | D:4      | Bought a scroll of identify for 20 gold pieces
  4152 | D:4      | Bought a scroll of fog for 20 gold pieces
  4369 | D:4      | Found a snail-covered altar of Cheibriados.
  4400 | D:5      | Entered Level 5 of the Dungeon
  4493 | D:5      | Reached skill level 6 in Axes
  4537 | D:5      | Noticed Eustachio
  4556 | D:5      | Killed Eustachio
  4556 | D:5      | Reached skill level 1 in Shields
  4612 | D:5      | Reached XP level 8. HP: 64/64 MP: 10/10
  5113 | D:5      | Found a basalt altar of Yredelemnul.
  5705 | D:6      | Reached skill level 5 in Fighting
  5709 | D:6      | Found Geilot's Food Shop.
  6085 | D:6      | Found an iron altar of Okawaru.
  6192 | D:6      | Reached skill level 7 in Axes
  6277 | D:6      | Found Keefrefek's Assorted Antiques.
  6283 | D:6      | Bought a scroll of identify for 44 gold pieces
  6283 | D:6      | Bought a scroll labeled VYTIKI OBIBRE for 22 gold pieces
  6531 | D:6      | Found Kegaush's Magic Scroll Shoppe.
  6539 | D:6      | Reached skill level 5 in Invocations
  6600 | D:6      | Found Fyroimom's Armour Boutique.
  6729 | D:6      | Gained mutation: You sometimes gain power by taking damage. [demonic ancestry]
  6729 | D:6      | Reached XP level 9. HP: 67/71 MP: 12/12
  6775 | D:6      | Found Adghejom's Gadget Emporium.
  7473 | D:7      | Found a staircase to the Ecumenical Temple.
  8101 | D:8      | Found an ancient bone altar of Kikubaaqudgha.
  8101 | D:8      | Found a blossoming altar of Fedhas.
  8488 | D:8      | Noticed a two-headed ogre
  8564 | D:9      | Slain by a yak

Skill      XL: |  1  2  3  4  5  6  7  8  9 |
---------------+----------------------------+-----
Axes           | 3 4 5 6 7 |  7.8
Armour         | 1 2 3 4 |  4.2
Invocations    | 1 2 3 5 |  5.7
Dodging        | 3 4 |  4.9
Fighting       | 4 5 |  5.8
Shields        | 1 2 3 |  3.3
Stealth        | |  1.7

Action                   |  1- 3 |  4- 6 |  7- 9 || total
-------------------------+-------+-------+-------++-------
Melee: Hand axe          |    67 |       |       ||    67
       Kick              |     8 |    18 |    52 ||    78
       War axe           |    18 |    96 |   200 ||   314
Invok: Stomp             |       |     1 |     1 ||     2
Evoke: Wand              |       |       |     3 ||     3
  Use: Scroll            |       |       |    16 ||    16
       Potion            |       |       |     3 ||     3
 Stab: Sleeping          |     1 |     1 |     3 ||     5
       Paralysed         |     1 |       |     9 ||    10
       Distracted        |       |       |     1 ||     1
  Eat: Chunk             |     2 |     3 |    13 ||    18
       Ration            |       |     1 |     1 ||     2
Armor: Robe              |    10 |       |       ||    10
       Ring mail         |     7 |    23 |    43 ||    73
Dodge: Dodged            |    57 |    55 |    98 ||   210
Block: Buckler           |       |       |    64 ||    64

Vault maps used:
D:1:      nzn_arrival_crosshair
D:2:      eat_drink_and_be_merry_uskayaw, serial_park_tiny_1,
          hangedman_decor_growths, uniq_sigmund, uniq_natasha, uniq_jessica
D:3:      nicolae_qazlal_general_emergency, first_ration, trog_butcher_becter
D:4:      lemuel_coloured_pillars_altar, nicolae_overflow_hidden_temple,
          serial_shops, kennysheep_mini_moat, kennysheep_little_box,
          nicolae_shop_statue_plus
D:5:      old_standard_altar, uniq_eustachio
D:6:      okawaru_metal_pillars_1_2, serial_shops, nicolae_shop_trees, shop,
          shop, shop_fountains, shop_statue
D:7:      minmay_temple_entry_large_hall
D:8:      grunt_temple_overflow_growth_and_decay, nicolae_ru_path_of_blood,
          uniq_psyche, uniq_gastronok
D:9:      minmay_imperfect_grid, minmay_orc_entry_guard_dogs,
          serial_co_window_serial, co_window_cross_1, co_window_corner_a,
          co_window_of_opportunity_a, co_window_of_opportunity_a,
          co_window_corner_a, co_window_paths_a, co_window_of_opportunity_c,
          co_window_broadway_b, co_window_corner_cb, co_window_paths_d,
          glass_columns_a, glass_columns_c, glass_columns_a, enter_bailey_3,
          serial_shops, shop, uniq_joseph
